 Dungeon Crawl Stone Soup version 0.31.0-32-g396128a36d (webtiles) character file.

Game seed: 7324613752546256797

1565 PriceMaster the Sneak (level 8, -8/52 HPs)
             Began as an Octopode Earth Elementalist on Apr 22, 2024.
             Mangled by a gnoll sergeant
             ... wielding a +2 heavy spear
              (12 damage)
             ... on level 7 of the Dungeon.
             The game lasted 00:07:57 (6700 turns).

PriceMaster the Sneak (Octopode Earth Elementalist) Turns: 6700, Time: 00:07:57

Health: -8/52      AC:  1    Str:  5 (7)  XL:     8   Next: 89%
Magic:  1/15       EV: 14    Int: 18 (19) God:
Gold:   304        SH:  0    Dex: 12 (13) Spells: 4/16 levels left

rFire   . . .        (no weapon)
rCold   . . .        (no shield)
rNeg    . . .        (helmet restricted)
rPois   .            c - amulet of the acrobat
rElec   .            d - ring of ice
rCorr   .            k - ring of fire
SInv    .            (no ring)
Will    .....        (no ring)
Stlth   ++++         (no ring)
HPRegen 0.28/turn    (no ring)
MPRegen 0.14/turn    (no ring)
                     (no ring)

%: acrobat
@: about to teleport, attractive
A: almost no armour, amphibious, 8 rings, camouflage 1, gelatinous body 1,
(nimble swimmer 1), tentacles
a: no special abilities


You were on level 7 of the Dungeon.
You visited 1 branch of the dungeon, and saw 7 of its levels.

You collected 304 gold pieces.

Inventory:

Jewellery
 c - an amulet of the acrobat (around mantle)
 d - a ring of ice (left tentacle)
 k - a ring of fire (right tentacle)
Wands
 t - a wand of roots (7)
Scrolls
 a - a scroll of poison {unknown}
 b - a scroll of acquirement {unknown}
 e - a scroll of immolation
 g - a scroll of fog
 i - 3 scrolls of teleportation
 m - a scroll of fear {unknown}
 r - a scroll of vulnerability {unknown}
 s - a scroll of enchant weapon {unknown}
Potions
 f - a potion of enlightenment
 q - a potion of mutation {unknown}


   Skills:
 * Level 3.4 Fighting
 * Level 4.2 Dodging
 * Level 7.0 Stealth
 + Level 4.7 Spellcasting
 * Level 3.4 Conjurations
 * Level 6.4 Earth Magic
 + Level 0.1 Alchemy
 + Level 0.1 Evocations


You had 4 spell levels left.
You knew the following spells:

 Your Spells              Type           Power      Damage    Failure   Level
a - Sandblast             Erth           54%        2d13      1%          1
b - Stone Arrow           Conj/Erth      44%        3d9       5%          3
c - Brom's Barrelling Bo  Conj/Erth      22%        2d4       19%         4
d - Petrify               Alch/Erth      16%        N/A       34%         4

Your spell library contained the following spells:

 Spells                   Type           Power      Damage    Failure   Level
 Magic Dart               Conj           64%        1d6       3%          1
 Passwall                 Erth           27%        N/A       3%          3
 Searing Ray              Conj           32%        2d5       4%          2
 Call Imp                 Summ           8%         N/A       21%         2
 Sublimation of Blood     Necr           4%         N/A       21%         2
 Tukima's Dance           Hex            4%         N/A       38%         3
 Fulminant Prism          Conj/Alch      5%         3d7       54%         4
 Passage of Golubria      Tloc           4%         N/A       80%         4
 Yara's Violent Unravell  Hex/Alch       2%         3d3       98%         5
 Summon Hydra             Summ           2%         N/A       100%        7


Dungeon Overview and Level Annotations

Branches:
Dungeon (7/15)
 Temple: D:4-7

Altars:
Dithmenos
Elyvilon
Kikubaaqudgha
Uskayaw
Vehumet
Zin

Annotations:
D:4 exclusion: statue


Innate Abilities, Weirdness & Mutations

You cannot wear most types of armour.
You are amphibious.
You can wear up to eight rings at the same time.
Your skin changes colour to match your surroundings (Stealth+).
Your rubbery body absorbs attacks. (AC +1, EV +1)
((You are camouflaged when in or above water. (Stealth+)))
You have tentacles for arms and can constrict up to eight enemies at once.


Message History

The gnoll sergeant resists with some effort.
The gnoll hits you from afar with a +0 spear!
Unknown command.
Aiming: Paralyse
Press: ? - help, Shift-Dir - straight line, f/p - gnoll
Aim: a gnoll, wielding a +0 club (almost dead, chance to affect: 57%)
The gnoll sergeant resists with some effort.
The gnoll hits you from afar with a +0 spear.
* * * LOW HITPOINT WARNING * * *
The gnoll sergeant misses you.
Aiming: Paralyse
Press: ? - help, Shift-Dir - straight line, f/p - gnoll
Aim: a gnoll, wielding a +0 club (almost dead, chance to affect: 57%)
The gnoll sergeant resists with some effort.
The gnoll closely misses you. The gnoll sergeant barely misses you.
Aiming: Paralyse
Press: ? - help, Shift-Dir - straight line, f/p - gnoll
Aim: a gnoll, wielding a +0 club (almost dead, chance to affect: 57%)
The gnoll sergeant resists with some effort.
The now-empty wand crumbles to dust.
The gnoll barely misses you.
Aiming: Fastroot
Press: ? - help, Shift-Dir - straight line, p - gnoll
Okay, then.
Casting: Sandblast (safe; 1% risk of failure)
Confirm with . or Enter, or press ? or * to list all spells.
Aiming: Sandblast (safe; 1% risk of failure)
Press: ? - help, Shift-Dir - straight line, f/p - gnoll
Aim: a gnoll, wielding a +0 club (almost dead, 85% to hit)
The blast of sand hits the gnoll sergeant.
The gnoll sergeant is lightly wounded.
The gnoll hits you from afar with a +0 spear.
* * * LOW HITPOINT WARNING * * *
The gnoll sergeant barely misses you.
The gnoll hits you from afar with a +0 spear.
* * * LOW HITPOINT WARNING * * *
Okay, then.
As you read the scroll of teleportation, it crumbles to dust.
You feel strangely unstable.
The gnoll sergeant hits you with a +2 heavy spear!
You die...

### #.. #.# #.#
.. #.#
#...###.#######
..............#
....###@#
.......g#
.#$####g##
...†...g.#
.#.####)<#
#.)..........
#...###.#......
.... #.#......
... ... ##.##


You could see a gnoll sergeant and 2 gnolls.

Vanquished Creatures
  A wyvern (D:7)
  A water moccasin (D:6)
  2 ogres
  An ice beast (D:7)
  3 phantoms (D:5)
  A bullfrog (D:6)
  5 scorpions
  A howler monkey (D:7)
  2 bombardier beetles (D:5)
  4 hounds
  A sleepcap (D:4)
  3 iguanas
  An orc wizard (D:6)
  3 adders
  A white imp (D:5)
  5 ufetubi
  4 dart slugs
  A ribbon worm (D:3)
  11 orcs
  7 bats
  5 endoplasms
  3 giant cockroaches
  5 goblins
  4 hobgoblins
  5 kobolds
  3 quokkas
  7 ball pythons
  5 frilled lizards
  4 rats
99 creatures vanquished.

Vanquished Creatures (collateral kills)
  3 boulders
3 creatures vanquished.

Vanquished Creatures (others)
  A human (D:5)
  2 boulders (D:6)
3 creatures vanquished.

Grand Total: 105 creatures vanquished

Notes
Turn   | Place    | Note
-------+----------+-------------------------------------------
     0 | D:1      | PriceMaster the Octopode Earth Elementalist began the quest
                  | for the Orb.
     0 | D:1      | Reached XP level 1. HP: 11/11 MP: 3/3
   231 | D:1      | Reached XP level 2. HP: 2/17 MP: 0/5
   548 | D:1      | Found a shadowy altar of Dithmenos.
  1232 | D:2      | Reached XP level 3. HP: 22/22 MP: 3/6
  1308 | D:2      | Learned a level 3 spell: Stone Arrow
  1955 | D:3      | Found a glowing silver altar of Zin.
  2043 | D:3      | Reached skill level 3 in Stealth
  2277 | D:3      | Found a hide-covered altar of Uskayaw.
  2607 | D:3      | Reached XP level 4. HP: 27/27 MP: 3/7
  3118 | D:4      | Noticed a scorpion
  3128 | D:4      | HP: 1/27 [scorpion (4)]
  3139 | D:4      | Killed a scorpion
  3140 | D:4      | Reached skill level 1 in Fighting
  3140 | D:4      | Reached XP level 5. HP: 20/33 MP: 4/9
  3143 | D:4      | Noticed an ogre
  3217 | D:4      | Found a radiant altar of Vehumet.
  3217 | D:4      | Noticed a frost-covered statue
  3586 | D:4      | Learned a level 4 spell: Brom's Barrelling Boulder
  3722 | D:4      | Killed an ogre
  3723 | D:4      | Reached XP level 6. HP: 38/38 MP: 3/10
  4214 | D:5      | Entered Level 5 of the Dungeon
  4219 | D:5      | Reached skill level 4 in Stealth
  4219 | D:5      | Reached skill level 5 in Earth Magic
  4225 | D:5      | Reached XP level 7. HP: 23/45 MP: 2/12
  4600 | D:5      | Found a white marble altar of Elyvilon.
  4967 | D:5      | Found an ancient bone altar of Kikubaaqudgha.
  4972 | D:5      | Reached XP level 8. HP: 51/51 MP: 6/14
  5302 | D:6      | Learned a level 4 spell: Petrify
  5356 | D:6      | Reached skill level 5 in Stealth
  6344 | D:7      | Reached skill level 6 in Stealth
  6347 | D:7      | Noticed a wyvern
  6639 | D:7      | Killed a wyvern
  6688 | D:7      | Reached skill level 7 in Stealth
  6700 | D:7      | Mangled by a gnoll sergeant

Illustrated notes

Levels and vault maps discovered:
D:1:      dpeg_arrival_water_altar, layout_loops_ring
D:2:      layout_loops_ring, nicolae_eternal_life
D:3:      layout_basic, nicolae_uskayaw_dance_hall,
          mainiacjoe_overflow_small_starburst, kennysheep_generic_room_11
D:4:      layout_loops_ring, vehumet_statue, kennysheep_boxes
D:5:      layout_basic, tgw_kikubaaqudgha, elyvilon_altar_5, st_stairs_8
D:6:      layout_loops_ring
D:7:      layout_loops_ring, nicolae_overflow_hidden_temple,
          nicolae_qazlal_eye_of_the_storm, mainiacjoe_overflow_paths,
          mainiacjoe_overflow_catwalk, led_sif_book, temple_fountains

Skill      XL: |  1  2  3  4  5  6  7  8 |
---------------+-------------------------+-----
Stealth        | 3 4 7 |  7.0
Fighting       | 1 2 3 |  3.4
Earth Magic    | 4 5 6 |  6.4
Spellcasting   | 3 4 |  4.7
Dodging        | 3 4 |  4.2
Conjurations   | 2 3 |  3.4
Alchemy        | |  0.1
Evocations     | |  0.1

Action                     |  1- 3 |  4- 6 |  7- 9 || total
---------------------------+-------+-------+-------++-------
  Melee: Unarmed           |    20 |     3 |    32 ||    55
         Constrict         |     2 |       |     6 ||     8
         Tentacles         |       |       |    10 ||    10
         Punch             |       |       |     2 ||     2
   Cast: Sandblast         |    62 |    49 |    27 ||   138
         Stone Arrow       |       |     7 |    23 ||    30
         Brom's Barrelling |       |       |     6 ||     6
         Petrify           |       |       |     1 ||     1
  Evoke: Wand              |       |       |    12 ||    12
    Use: Scroll            |     3 |     2 |     1 ||     6
         Potion            |       |     7 |     5 ||    12
   Stab: Sleeping          |     1 |       |       ||     1
         Petrified         |       |       |     8 ||     8
         Paralysed         |       |       |     7 ||     7
 Armour: Skin              |    13 |    34 |    28 ||    75
  Dodge: Dodged            |    27 |    41 |    30 ||    98
